[Event "Gibraltar Masters 18th"]
[Site "Gibraltar"]
[Date "2020.01.26"]
[Round "6.20"]
[White "Karthikeyan, Murali"]
[Black "Chen, Qi B"]
[Result "1-0"]
[ECO "C67"]
[WhiteElo "2606"]
[BlackElo "2432"]
[PlyCount "99"]
[EventDate "2020.01.21"]
[EventType "swiss"]
[EventRounds "10"]
[EventCountry "GGB"]
[SourceTitle "BritBase"]
[Source "John Saunders"]
[SourceDate "2021.06.05"]
[SourceVersion "1"]
[SourceVersionDate "2021.06.05"]
[SourceQuality "1"]
[TimeControl "40/100:0"]
[WhiteClock "0:06:21"]
[BlackClock "0:03:00"]

1. e4 e5 2. Nf3 Nc6 3. Bb5 Nf6 4. O-O Nxe4 5. d4 Nd6 6.
Bxc6 dxc6 7. dxe5 Nf5 8. Qxd8+ Kxd8 9. Nc3 Ke8 10. h3 Be7 11. Bg5 Bxg5 12. Nxg5 h6 13. Nf3 h5 14. Rad1 Be6 15. Ne2 Bc4 16. Rfe1 Bxe2 17. Rxe2 Rd8 18. Rxd8+ Kxd8 19. Re4 Ke7 20. Rb4 Rb8 21. g4 hxg4 22. hxg4 Nh6 23. Kg2 a5 24. Ra4 Ra8 25. Kg3 c5 26. c3 b5 27. Rf4 Rd8 28. g5 Ng8 29. g6 fxg6 30. Rg4 Kf7 31.
Ng5+ Ke8 32. Ne6 Rd2 33. Nxc7+ Kd7 34. Rxg6 Kxc7 35. Rxg7+ Kc6 36. Rxg8 Rxb2 37. f4 Rxa2 38. f5 Re2 39. f6 Rxe5 40. f7 Rf5 41. f8=Q Rxf8 42. Rxf8 Kd5 43. Rf4 b4 44. Kf3 b3 45. c4+ Ke5 46. Ke3 b2 47. Rf1 a4 48. Kd3 a3 49. Re1+ Kf4 50. Kc2 1-0

[Event "Gibraltar Masters 18th"]
[Site "Gibraltar"]
[Date "2020.01.26"]
[Round "6.21"]
[White "Kozak, Adam"]
[Black "Basso, Pier Luigi"]
[Result "0-1"]
[ECO "D45"]
[WhiteElo "2523"]
[BlackElo "2600"]
[PlyCount "90"]
[EventDate "2020.01.21"]
[EventType "swiss"]
[EventRounds "10"]
[EventCountry "GGB"]
[SourceTitle "BritBase"]
[Source "John Saunders"]
[SourceDate "2021.06.05"]
[SourceVersion "1"]
[SourceVersionDate "2021.06.05"]
[SourceQuality "1"]
[TimeControl "40/100:0"]
[WhiteClock "0:42:47"]
[BlackClock "1:07:17"]

1. d4 d5 2. c4 c6 3. Nc3 Nf6 4. Nf3 e6 5. e3 Nbd7 6. Qc2 b6 7. Bd3 Bb7 8. O-O Be7 9. b3 dxc4 10. bxc4 c5 11. d5 exd5 12. cxd5 Nxd5 13. Nxd5 Bxd5 14. Bb2 Bxf3 15. gxf3 Bf6 16. Bxf6 Nxf6 17. Rad1 Qe7 18. Qa4+ Kf8 19. Qh4 h6 20. f4 g6 21. e4 Nh5 22. Qg4 Rd8 23. Bc2 Kg7 24. e5 Rxd1 25.
Rxd1 Rd8 26. Rxd8 Qxd8 27. f5 Qg5 28. Qxg5 hxg5 29. f6+ Kf8 30.
Bd3 Nf4 31. Bc4 g4 32. f3 g5 33. fxg4 Ng6 34. e6 fxe6 35. Bxe6 b5 36. Kf2 Nf4 37. Bd7 b4 38. h4 gxh4 39. g5 Kf7 40. Kf3 Ne6 41. Ke4 h3 42.
Ke5 Nxg5 43. Bxh3 Nxh3 44. Kd5 Kxf6 45. Kxc5 Ke5 0-1

[Event "Gibraltar Masters 18th"]
[Site "Gibraltar"]
[Date "2020.01.26"]
[Round "6.22"]
[White "Can, Emre"]
[Black "Haug, Johannes"]
[Result "1/2-1/2"]
[ECO "D38"]
[WhiteElo "2600"]
[BlackElo "2407"]
[PlyCount "135"]
[EventDate "2020.01.21"]
[EventType "swiss"]
[EventRounds "10"]
[EventCountry "GGB"]
[SourceTitle "BritBase"]
[Source "John Saunders"]
[SourceDate "2021.06.05"]
[SourceVersion "1"]
[SourceVersionDate "2021.06.05"]
[SourceQuality "1"]
[TimeControl "40/100:0"]
[WhiteClock "0:29:50"]
[BlackClock "0:15:22"]

1. d4 Nf6 2. c4 e6 3. Nf3 d5 4. Nc3 Bb4 5. Qb3 c5 6. dxc5 Na6 7. a3 Bxc3+ 8.
Qxc3 Nxc5 9. cxd5 Qxd5 10. Be3 Nce4 11. Qe5 Qxe5 12. Nxe5 Nd5 13. Bc1 Nc5 14. Rb1 Bd7 15. f3 Nb3 16. e4 Nb6 17. Be3 Rc8 18. g4 Ba4 19. g5 Ke7 20. Rg1 Rhd8 21. Rg2 Nd4 22. Kf2 Bb3 23. Rc1 Rxc1 24. Bxc1 Rc8 25. Be3 Nc2 26. Bxb6 axb6 27. Rg3 Nd4 28. Rh3 Rc2+ 29. Ke3 Nc6 30. Nd3 Bc4 31. Rxh7 Bxd3 32. Bxd3 Rxb2 33. Rxg7 Rxh2 34. g6 Ne5 35. Rh7 Rg2 36. gxf7 Nxf7 37. e5 Kf8 38. f4 Kg8 39. Kf3 Ra2 40. Bg6 Nh8 41. Bb1 Rxa3+ 42. Kg4 Rb3 43. Rh1 Kg7 44. Ba2 Rb4 45. Rc1 Ng6 46. Kg5 Nxf4 47. Rc7+ Kf8 48. Kf6 Ke8 49. Bxe6 Nxe6 50. Kxe6 Kd8 51. Rd7+ Kc8 52. Ke7 Rh4 53. Rd1 b5 54. e6 Kc7 55. Kf6 Re4 56. e7 Kc6 57. Rd8 b4 58.
e8=Q+ Rxe8 59. Rxe8 Kd5 60. Rb8 b3 61. Rxb7 Kc4 62. Ke5 Kc3 63.
Ke4 b2 64. Ke3 Kc2 65. Rc7+ Kd1 66. Rb7 Kc2 67. Rxb2+ Kxb2 68. Ke4 1/2-1/2

[Event "Gibraltar Masters 18th"]
[Site "Gibraltar"]
[Date "2020.01.26"]
[Round "6.23"]
[White "Khotenashvili, Bela"]
[Black "Moussard, Jules"]
[Result "1-0"]
[ECO "A80"]
[WhiteElo "2446"]
[BlackElo "2600"]
[PlyCount "77"]
[EventDate "2020.01.21"]
[EventType "swiss"]
[EventRounds "10"]
[EventCountry "GGB"]
[SourceTitle "BritBase"]
[Source "John Saunders"]
[SourceDate "2021.06.05"]
[SourceVersion "1"]
[SourceVersionDate "2021.06.05"]
[SourceQuality "1"]
[TimeControl "40/100:0"]
[WhiteClock "0:01:20"]
[BlackClock "0:47:16"]

1. d4 f5 2. Bg5 h6 3. Bh4 g5 4. e3 Nf6 5. Bg3 d6 6. Nc3 Bg7 7. h4 g4 8. h5 Be6 9. Nge2 Bf7 10. Nf4 Nc6 11. d5 Ne5 12. Ne6 Bxe6 13. dxe6 c6 14. Bxe5 dxe5 15. Qxd8+ Rxd8 16. e4 f4 17. Be2 Rg8 18. a4 Rd6 19. a5 Kd8 20. Bd3 Ne8 21. Na4 Nc7 22. Nc5 Kc8 23. Ra3 Rf8 24. Rh4 Nxe6 25. Nxe6 Rxe6 26. Rxg4 Bh8 27. Bc4 Rd6 28. Rd3 Rxd3 29. Bxd3 Bf6 30. Rg6 Bg5 31. Ke2 f3+ 32. gxf3 Kc7 33. Bc4 Rd8 34. Bd3 Rf8 35. Bc4 Rd8 36. Kf1 Rd2 37. Rxg5 hxg5 38. Bd3 c5 39. Ke1 1-0

[Event "Gibraltar Masters 18th"]
[Site "Gibraltar"]
[Date "2020.01.26"]
[Round "6.24"]
[White "Vaibhav, Suri"]
[Black "Buksa, Nataliya"]
[Result "1/2-1/2"]
[ECO "B31"]
[WhiteElo "2593"]
[BlackElo "2403"]
[PlyCount "53"]
[EventDate "2020.01.21"]
[EventType "swiss"]
[EventRounds "10"]
[EventCountry "GGB"]
[SourceTitle "BritBase"]
[Source "John Saunders"]
[SourceDate "2021.06.05"]
[SourceVersion "1"]
[SourceVersionDate "2021.06.05"]
[SourceQuality "1"]
[TimeControl "40/100:0"]
[WhiteClock "0:12:23"]
[BlackClock "0:41:10"]

1. e4 c5 2. Nf3 Nc6 3. Bb5 g6 4. Bxc6 dxc6 5. d3 Bg7 6. h3 Nf6 7. Nc3 Nd7 8. Be3 e5 9. Qc1 h6 10. O-O b6 11. a3 Nf8 12. b4 Ne6 13.
bxc5 bxc5 14. Na4 Qa5 15. Nb2 Ba6 16. Nd2 Nd4 17. Re1 Rb8 18.
Nbc4 Qc7 19. c3 Ne6 20. Qc2 O-O 21. Nb3 Qe7 22. Rab1 Rbd8 23. Nba5 Qc7 24. Nb3 Qe7 25. Nba5 Qc7 26. Nb3 Qe7 27. Ra1 1/2-1/2

[Event "Gibraltar Masters 18th"]
[Site "Gibraltar"]
[Date "2020.01.26"]
[Round "6.25"]
[White "Plotkin, Victor"]
[Black "Kadric, Denis"]
[Result "1/2-1/2"]
[ECO "B06"]
[WhiteElo "2267"]
[BlackElo "2585"]
[PlyCount "84"]
[EventDate "2020.01.21"]
[EventType "swiss"]
[EventRounds "10"]
[EventCountry "GGB"]
[SourceTitle "BritBase"]
[Source "John Saunders"]
[SourceDate "2021.06.05"]
[SourceVersion "1"]
[SourceVersionDate "2021.06.05"]
[SourceQuality "1"]
[TimeControl "40/100:0"]
[WhiteClock "0:40:38"]
[BlackClock "0:46:22"]

1. e4 d6 2. d4 g6 3. Nc3 a6 4. a4 Bg7 5. Be3 b6 6. Bc4 e6 7. h4 h5 8. Qd2 Nd7 9. Nf3 Bb7 10. Ng5 Qe7 11. O-O-O Ngf6 12. f3 b5 13. axb5 axb5 14. Bxb5 Ra1+ 15. Nb1 O-O 16. Qe2 c6 17. Bd3 c5 18. Bb5 Rc8 19. Rd3 cxd4 20. Bxd4 Nc5 21. Bxc5 Rxc5 22. Ra3 Rxa3 23. Nxa3 Nd7 24. Qd2 Nf8 25. Rd1 d5 26. Qb4 Bf6 27. exd5 Bxd5 28. Kb1 Bxg5 29. hxg5 Qxg5 30. Qd2 Bb7 31. Qxg5 Rxg5 32. Rd2 e5 33. b4 h4 34. Kb2 Ne6 35. Bf1 h3 36. gxh3 Bxf3 37. c4 Rg1 38. Rf2 Ba8 39. c5 e4 40. Nc2 Rg3 41. Bc4 Rxh3 42. Rd2 Kg7 1/2-1/2

[Event "Gibraltar Masters 18th"]
[Site "Gibraltar"]
[Date "2020.01.26"]
[Round "6.26"]
[White "Navara, David"]
[Black "Roussel-Roozmon, Thomas"]
[Result "1-0"]
[ECO "E40"]
[WhiteElo "2717"]
[BlackElo "2473"]
[PlyCount "125"]
[EventDate "2020.01.21"]
[EventType "swiss"]
[EventRounds "10"]
[EventCountry "GGB"]
[SourceTitle "BritBase"]
[Source "John Saunders"]
[SourceDate "2021.06.05"]
[SourceVersion "1"]
[SourceVersionDate "2021.06.05"]
[SourceQuality "1"]
[TimeControl "40/100:0"]
[WhiteClock "0:48:08"]
[BlackClock "0:15:02"]

1. c4 e6 2. Nc3 d5 3. d4 Bb4 4. a3 Bxc3+ 5. bxc3 Nf6 6. e3 c6 7. a4 O-O 8. Ba3 Re8 9. Nf3 b6 10. cxd5 cxd5 11. Bb5 Bd7 12. Bd3 Bc8 13. Qe2 Ne4 14. O-O Nc6 15. Rac1 Bb7 16. c4 Rc8 17. cxd5 Qxd5 18. Bc4 Qd7 19. Qd3 Nd6 20. Ng5 g6 21. Ba2 Na5 22. d5 exd5 23. Bxd5 Bxd5 24. Qxd5 Qf5 25. Qxf5 Nxf5 26. Ne4 Red8 27. g4 Nc4 28. Bb4 Nfd6 29. Nf6+ Kg7 30. Bc3 h6 31. Rfd1 Kf8 32. e4 Ke7 33. Nd5+ Kf8 34. e5 Ne4 35. Bb4+ Kg7 36. Be7 Re8 37. Bf6+ Nxf6 38. exf6+ Kf8 39. Ne7 Rc5 40. Kg2 a6 41. Rc3 Rxe7 42. fxe7+ Kxe7 43. Rcd3 h5 44. Rd7+ Ke6 45. h3 hxg4 46. hxg4 b5 47. Ra7 Rc6 48. Re1+ Kf6 49. Ree7 Nd6 50. a5 b4 51. Rec7 Rxc7 52. Rxc7 Ke5 53. Rc6 Kd5 54. Rxa6 Kc5 55. Ra8 b3 56. Rb8 Nb5 57. a6 b2 58. a7 Nxa7 59. Rxb2 Nb5 60. Kf3 Nd6 61. Kf4 Kd5 62. Re2 f6 63.
g5 1-0

[Event "Gibraltar Masters 18th"]
[Site "Gibraltar"]
[Date "2020.01.26"]
[Round "6.27"]
[White "Cramling, Pia"]
[Black "Ivanchuk, Vassily"]
[Result "1/2-1/2"]
[ECO "E11"]
[WhiteElo "2470"]
[BlackElo "2698"]
[PlyCount "60"]
[EventDate "2020.01.21"]
[EventType "swiss"]
[EventRounds "10"]
[EventCountry "GGB"]
[SourceTitle "BritBase"]
[Source "John Saunders"]
[SourceDate "2021.06.05"]
[SourceVersion "1"]
[SourceVersionDate "2021.06.05"]
[SourceQuality "1"]
[TimeControl "40/100:0"]
[WhiteClock "0:18:16"]
[BlackClock "1:04:17"]

1. d4 Nf6 2. c4 e6 3. Nf3 Bb4+ 4. Bd2 c5 5. Bxb4 cxb4 6. g3 O-O 7. Bg2 d6 8. a3 Qb6 9. O-O Nc6 10. Qb3 e5 11. d5 Na5 12. Qxb4 Qxb4 13. axb4 Nxc4 14. Nfd2 Nb6 15. e4 Bd7 16. Na3 Rfc8 17. Rfc1 Kf8 18. Ndc4 Nxc4 19. Nxc4 Ne8 20. f4 Rc7 21. Rc3 Rac8 22. Rac1 f6 23.
Kf2 Ke7 24. Ke3 g6 25. Bf3 b6 26. Be2 Kd8 27. Bd3 Rb8 28. Ra1 Rbb7 29. h4 h6 30. Kd2 Ke7 1/2-1/2

[Event "Gibraltar Masters 18th"]
[Site "Gibraltar"]
[Date "2020.01.26"]
[Round "6.28"]
[White "Matlakov, Maxim"]
[Black "Stefanova, Antoaneta"]
[Result "1-0"]
[ECO "C78"]
[WhiteElo "2698"]
[BlackElo "2469"]
[PlyCount "83"]
[EventDate "2020.01.21"]
[EventType "swiss"]
[EventRounds "10"]
[EventCountry "GGB"]
[SourceTitle "BritBase"]
[Source "John Saunders"]
[SourceDate "2021.06.05"]
[SourceVersion "1"]
[SourceVersionDate "2021.06.05"]
[SourceQuality "1"]
[TimeControl "40/100:0"]
[WhiteClock "0:00:42"]
[BlackClock "0:01:39"]

1. e4 e5 2. Nf3 Nc6 3. Bb5 a6 4. Ba4 Nf6 5. O-O Bc5 6. c3 O-O 7. d4 Ba7 8. Re1 b5 9. Bc2 d6 10. h3 Re8 11. Bg5 h6 12. Bh4 exd4 13.
Nxd4 Ne5 14. a4 b4 15. Nd2 Bb7 16. a5 c5 17. Nf5 bxc3 18. bxc3 Bb8 19. Bb3 Ra7 20. Qc2 Ng6 21. e5 Nxh4 22. exf6 Nxf5 23. Qxf5 d5 24. fxg7 Kxg7 25. Rxe8 Qxe8 26. Bc2 Qe5 27. Qh7+ Kf8 28. Qxh6+ Qg7 29. Qb6 Qxc3 30. Qd8+ Kg7 31. Qg5+ Kf8 32. Re1 Bc6 33. Qh6+ Kg8 34. Bh7+ Kh8 35. Bf5+ Kg8 36. Nf3 Rc7 37. Bh7+ Kh8 38. Be4+ Kg8 39. Bh7+ Kh8 40. Re5 f6 41. Bf5+ Kg8 42. Be6+ 1-0

[Event "Gibraltar Masters 18th"]
[Site "Gibraltar"]
[Date "2020.01.26"]
[Round "6.29"]
[White "Krishna, C R G."]
[Black "Tabatabaei, M.Amin"]
[Result "1-0"]
[ECO "D94"]
[WhiteElo "2436"]
[BlackElo "2638"]
[PlyCount "121"]
[EventDate "2020.01.21"]
[EventType "swiss"]
[EventRounds "10"]
[EventCountry "GGB"]
[SourceTitle "BritBase"]
[Source "John Saunders"]
[SourceDate "2021.06.05"]
[SourceVersion "1"]
[SourceVersionDate "2021.06.05"]
[SourceQuality "1"]
[TimeControl "40/100:0"]
[WhiteClock "0:21:06"]
[BlackClock "0:22:11"]

1. d4 Nf6 2. c4 g6 3. Nf3 Bg7 4. e3 O-O 5. Be2 c5 6. O-O cxd4 7. exd4 d5 8.
Nc3 dxc4 9. Bxc4 b6 10. Bg5 Bb7 11. Qe2 Nc6 12. Rad1 Na5 13.
Bd3 Rc8 14. Rfe1 h6 15. Bf4 e6 16. Nb5 Bxf3 17. Qxf3 Nc6 18. Bd6 Nxd4 19. Nxd4 Qxd6 20. Ba6 Nd5 21. Bxc8 Rxc8 22. g3 h5 23. Qd3 Ne7 24. Nb5 Qxd3 25. Rxd3 Nd5 26. Rd2 Bh6 27. Rde2 a5 28. Rd1 Bf8 29. Nd4 Bg7 30. Nf3 a4 31. a3 b5 32. Rdd2 Nb6 33.
Ne5 Nd5 34. Kg2 g5 35. Nd3 Rc4 36. Rc2 Nb6 37. Rxc4 Nxc4 38. f4 gxf4 39. gxf4 Kh7 40. Kf3 Kg6 41. Rg2+ Kh6 42. Rg5 Nxb2 43. Ne5 Bxe5 44. Rxe5 Nc4 45. Rxb5 Nxa3 46. Rb4 Nc2 47. Rxa4 Ne1+ 48. Kf2 Nd3+ 49. Ke2 Nc5 50. Rc4 Nb3 51. Kd3 Kg6 52. Kc3 Nc1 53. Re4 Kf5 54. Re1 Na2+ 55. Kb3 Kxf4 56. Kxa2 Kf3 57. Kb2 Kf2 58. Re4 f5 59. Rh4 Kg2 60. Kc2 e5 61. Rxh5 1-0

[Event "Gibraltar Masters 18th"]
[Site "Gibraltar"]
[Date "2020.01.26"]
[Round "6.30"]
[White "Deac, Bogdan-Daniel"]
[Black "Batsiashvili, Nino"]
[Result "1-0"]
[ECO "D37"]
[WhiteElo "2626"]
[BlackElo "2456"]
[PlyCount "91"]
[EventDate "2020.01.21"]
[EventType "swiss"]
[EventRounds "10"]
[EventCountry "GGB"]
[SourceTitle "BritBase"]
[Source "John Saunders"]
[SourceDate "2021.06.05"]
[SourceVersion "1"]
[SourceVersionDate "2021.06.05"]
[SourceQuality "1"]
[TimeControl "40/100:0"]
[WhiteClock "0:24:45"]
[BlackClock "0:01:12"]

1. Nf3 d5 2. d4 e6 3. c4 a6 4. cxd5 exd5 5. Nc3 Nf6 6. Qb3 c5 7. Bg5 c4 8. Qc2 Nc6 9. Bxf6 gxf6 10. g3 Be6 11. Bg2 f5 12. O-O h5 13. b3 h4 14. bxc4 hxg3 15. hxg3 Rc8 16. cxd5 Nb4 17. Qb1 Rxc3 18. dxe6 fxe6 19. Rc1 Rxc1+ 20. Qxc1 Nd5 21. Ne5 Bg7 22. Bxd5 exd5 23. Rb1 O-O 24. Rxb7 f4 25. Qc6 Rf6 26. Rd7 Qa5 27. Qxd5+ Qxd5 28. Rxd5 fxg3 29. fxg3 Rb6 30. Ra5 Bh6 31. Kf2 Bd2 32. Rc5 Rb2 33. Nc4 Rxa2 34. Nxd2 Rxd2 35. Ke3 Ra2 36. Rc7 a5 37. Ra7 a4 38. d5 Kf8 39. Kf3 a3 40. e4 Ra1 41. Kf4 Ke8 42. Ke5 Kd8 43. Kd6 Kc8 44. e5 a2 45. e6 Kb8 46. Ra3 1-0

[Event "Gibraltar Masters 18th"]
[Site "Gibraltar"]
[Date "2020.01.26"]
[Round "6.31"]
[White "Vocaturo, Daniele"]
[Black "Kobo, Ori"]
[Result "1-0"]
[ECO "C78"]
[WhiteElo "2622"]
[BlackElo "2445"]
[PlyCount "81"]
[EventDate "2020.01.21"]
[EventType "swiss"]
[EventRounds "10"]
[EventCountry "GGB"]
[SourceTitle "BritBase"]
[Source "John Saunders"]
[SourceDate "2021.06.05"]
[SourceVersion "1"]
[SourceVersionDate "2021.06.05"]
[SourceQuality "1"]
[TimeControl "40/100:0"]
[WhiteClock "0:30:28"]
[BlackClock "0:00:37"]

1. e4 e5 2. Nf3 Nc6 3. Bb5 a6 4. Ba4 Nf6 5. O-O Bc5 6. c3 b5 7. Bc2 d5 8. a4 dxe4 9. axb5 exf3 10. Qxf3 e4 11. Bxe4 Ne5 12. Qe2 O-O 13. d4 Bg4 14. Qc2 Nxe4 15. Qxe4 Nf3+ 16. gxf3 Bh3 17. dxc5 Bxf1 18. Kxf1 Qd1+ 19. Qe1 Qxf3 20. Be3 Qh3+ 21. Ke2 Qg4+ 22. Kd2 Rad8+ 23. Kc1 axb5 24. Nd2 b4 25. Qd1 Qh3 26. cxb4 Qxh2 27. Ra3 h5 28. Kc2 Rb8 29. Rb3 Qh4 30. b5 Qa4 31. Qe2 Rfd8 32. Kc3 Qa1 33.
Qf1 Qa5+ 34. Rb4 Qa8 35. Qc4 Qh1 36. Kc2 Ra8 37. Qh4 Qe1 38.
Ra4 Qe2 39. Qc4 Qxc4+ 40. Rxc4 Rd5 41. Bf4 1-0

[Event "Gibraltar Masters 18th"]
[Site "Gibraltar"]
[Date "2020.01.26"]
[Round "6.32"]
[White "Santos Latasa, Jaime"]
[Black "Ladron De Guevara Pinto, Paolo"]
[Result "1-0"]
[ECO "A42"]
[WhiteElo "2586"]
[BlackElo "2445"]
[PlyCount "95"]
[EventDate "2020.01.21"]
[EventType "swiss"]
[EventRounds "10"]
[EventCountry "GGB"]
[SourceTitle "BritBase"]
[Source "John Saunders"]
[SourceDate "2021.06.05"]
[SourceVersion "1"]
[SourceVersionDate "2021.06.05"]
[SourceQuality "1"]
[TimeControl "40/100:0"]
[WhiteClock "1:33:29"]
[BlackClock "0:24:03"]

1. c4 g6 2. d4 Bg7 3. Nc3 d6 4. e4 e5 5. d5 a5 6. Be3 Na6 7. Bd3 Ne7 8. Qd2 f5 9. f3 O-O 10. Nge2 Bd7 11. Bc2 Qe8 12. Rd1 f4 13. Bf2 b6 14. Rb1 g5 15. h3 h5 16. a3 Ng6 17. Bd1 Rf7 18. b4 axb4 19. axb4 Bf8 20. Nc1 Rg7 21. Nd3 Nh8 22. Be2 Nf7 23. Kd1 Rc8 24. Kc2 Rg6 25. Rhg1 Bh6 26. Ra1 Nb8 27. Kb2 g4 28. hxg4 hxg4 29. g3 Rg7 30. gxf4 exf4 31. Nxf4 Ne5 32. fxg4 Bxg4 33. Be3 Nbd7 34. Kb3 Nf6 35. Nh5 Nxh5 36. Bxh6 Rg6 37. Bg5 Qd7 38. Bxg4 Nxg4 39. Rg2 Ne5 40. Rh1 Ng7 41. Rgh2 Nf7 42. Be3 Re8 43. Rg2 Rxg2 44. Qxg2 Qe7 45. Qg6 Qe5 46. Qh7+ Kf8 47. Rg1 Re7 48. Rf1 1-0

[Event "Gibraltar Masters 18th"]
[Site "Gibraltar"]
[Date "2020.01.26"]
[Round "6.33"]
[White "Idani, Pouya"]
[Black "Murzin, Volodar"]
[Result "1-0"]
[ECO "D15"]
[WhiteElo "2577"]
[BlackElo "2442"]
[PlyCount "141"]
[EventDate "2020.01.21"]
[EventType "swiss"]
[EventRounds "10"]
[EventCountry "GGB"]
[SourceTitle "BritBase"]
[Source "John Saunders"]
[SourceDate "2021.06.05"]
[SourceVersion "1"]
[SourceVersionDate "2021.06.05"]
[SourceQuality "1"]
[TimeControl "40/100:0"]

1. d4 d5 2. c4 c6 3. Nf3 Nf6 4. Nc3 a6 5. c5 g6 6. h3 Bg7 7. Bf4 O-O 8. e3 Nfd7 9. e4 dxe4 10. Nxe4 Nf6 11. Nc3 Be6 12. Be2 Nbd7 13. O-O Nd5 14. Bg3 N7f6 15. Be5 Bh6 16. Re1 Qa5 17. Bd3 Rae8 18. a3 Qd8 19. Bh2 Qc8 20. Bf1 Rd8 21. Na4 Rde8 22. Ne5 Nc7 23. Nb6 Qd8 24. a4 a5 25. Ra3 Ncd5 26. Rb3 Nb4 27. Bc4 Nfd5 28. Bxd5 Bxd5 29. Rg3 Bg7 30. Nbd7 Be6 31. Nxf8 Rxf8 32. Rge3 Qd5 33. Nf3 Rd8 34. Bc7 Ra8 35. Bg3 Rd8 36. Bc7 Ra8 37. Qd2 Bh6 38. Bxa5 Nc2 39. Qxc2 Bxe3 40. fxe3 Rxa5 41. b4 Ra8 42. e4 Qh5 43. Re3 Qh6 44. Rc3 Qf4 45. a5 Rd8 46. Qe2 f6 47. Kf2 Bf7 48. Qe3 Qc7 49. Rd3 Qd7 50. Rd2 Qc7 51. Rd1 Kg7 52. Re1 Rd7 53.
d5 cxd5 54. e5 Rd8 55. e6 d4 56. Nxd4 Be8 57. Rd1 Rd5 58. Rd2 Rg5 59. Kg1 Rg3 60. Qe2 Ra3 61. Ra2 Rxa2 62. Qxa2 Qf4 63. Qf2 Qe4 64. Qd2 h5 65. Qc3 Qe5 66. b5 h4 67. a6 bxa6 68. c6 axb5 69. c7 b4 70. Nf5+ Qxf5 71. Qc1 1-0

[Event "Gibraltar Masters 18th"]
[Site "Gibraltar"]
[Date "2020.01.26"]
[Round "6.34"]
[White "Astaneh Lopez, Alex"]
[Black "Li, Di"]
[Result "1/2-1/2"]
[ECO "D27"]
[WhiteElo "2432"]
[BlackElo "2562"]
[PlyCount "264"]
[EventDate "2020.01.21"]
[EventType "swiss"]
[EventRounds "10"]
[EventCountry "GGB"]
[SourceTitle "BritBase"]
[Source "John Saunders"]
[SourceDate "2021.06.05"]
[SourceVersion "1"]
[SourceVersionDate "2021.06.05"]
[SourceQuality "1"]
[TimeControl "40/100:0"]
[WhiteClock "0:03:20"]
[BlackClock "0:04:15"]

1. d4 d5 2. c4 dxc4 3. e3 Nf6 4. Bxc4 e6 5. Nf3 a6 6. O-O c5 7. dxc5 Bxc5 8. Qxd8+ Kxd8 9. a3 Ke7 10. b4 Bd6 11. Nc3 Nbd7 12. Bb2 b5 13.
Be2 Bb7 14. Rfd1 Rhc8 15. Rd2 Nb6 16. Rad1 Bb8 17. Nd4 Be5 18. f4 Bb8 19. Nb3 Ba7 20. Nc5 Bc6 21. a4 Nc4 22. Bxc4 bxc4 23. Rd4 Bxc5 24. bxc5 Rab8 25. Bc1 Rb4 26. Bd2 Rb2 27. e4 Rcb8 28.
Be1 Rc2 29. Rd6 Bxe4 30. Nxe4 Nxe4 31. Bh4+ g5 32. Rd7+ Kf6 33. fxg5+ Kg6 34. Re1 Nxc5 35. Rc7 Nd3 36. Rf1 Kh5 37. Bg3 Rf8 38. h4 e5 39. Kh2 Kg4 40. Rfxf7 Rb8 41. g6 hxg6 42. Rc6 Rg8 43. Rfc7 Nf4 44. Bxf4 Kxf4 45. Rxa6 e4 46. Re6 Rh8 47. Rf7+ Ke3 48. Kg3 Rc3 49. Kg4 Rd3 50. Rc7 Rd4 51. Kg5 Kd2 52. a5 e3 53. a6 c3 54. a7 Ra8 55. g4 Rad8 56. Kh6 Ra4 57. g5 Rxh4+ 58.
Kxg6 Rhh8 59. Kf6 Rhf8+ 60. Kg7 Rg8+ 61. Kh6 Rh8+ 62. Kg7 Rhe8 63. Rxe8 Rxe8 64. Rd7+ Kc1 65. Kf7 e2 66. Kxe8 e1=Q+ 67. Re7 Qh1 68. g6 Qd5 69. Kf8 Qf5+ 70. Kg7 Qf3 71. Rf7 Qd5 72. Kh7 Qh1+ 73. Kg8 c2 74. Rf8 Qd5+ 75. Kh8 Qh5+ 76. Kg7 Qe5+ 77. Kg8 Qd5+ 78. Kh8 Qh1+ 79. Kg8 Kd2 80. a8=Q Qxa8 81. Rxa8 c1=Q 82. g7 Qc4+ 83. Kh8 Qh4+ 84. Kg8 Qh5 85. Ra3 Qc5 86. Kh7 Qf5+ 87. Kh8 Qf6 88. Ra2+ Kd3 89. Ra3+ Kd4 90. Ra4+ Kc5 91. Kh7 Qf5+ 92. Kh6 Qe6+ 93. Kh7 Qh3+ 94. Kg6 Qd3+ 95. Kh6 Qd6+ 96. Kh7 Qh2+ 97. Kg6 Qc2+ 98. Kf6 Qc3+ 99. Kg6 Qb3 100. Kh7 Qb1+ 101. Kh6 Qh1+ 102. Kg6 Qg2+ 103. Kh7 Qh3+ 104. Kg6 Qe6+ 105. Kh7 Qf7 106.
Ra5+ Kb6 107. Rg5 Kc7 108. Ra5 Kb7 109. Kh8 Qf6 110. Kh7 Qe7 111. Kg6 Qe8+ 112. Kh7 Qe4+ 113. Kh6 Qc4 114. Rc5 Qg8 115. Rc1 Qe6+ 116. Kh7 Qf5+ 117. Kh6 Qg4 118. Kh7 Qh5+ 119.
Kg8 Qg6 120. Kf8 Qf6+ 121. Kg8 Qf5 122. Kh8 Qe5 123. Kh7 Qe4+ 124. Kh8 Qh4+ 125. Kg8 Kb6 126. Kf7 Qh5+ 127.
Kf8 Qh6 128. Kf7 Qf4+ 129. Kg6 Qe4+ 130. Kf7 Qf5+ 131. Ke7 Qg6 132. Kf8 Qf6+ 1/2-1/2

[Event "Gibraltar Masters 18th"]
[Site "Gibraltar"]
[Date "2020.01.26"]
[Round "6.35"]
[White "Gukesh, Dommaraju"]
[Black "Percivaldi, Martin"]
[Result "1-0"]
[ECO "A11"]
[WhiteElo "2542"]
[BlackElo "2403"]
[PlyCount "75"]
[EventDate "2020.01.21"]
[EventType "swiss"]
[EventRounds "10"]
[EventCountry "GGB"]
[SourceTitle "BritBase"]
[Source "John Saunders"]
[SourceDate "2021.06.05"]
[SourceVersion "1"]
[SourceVersionDate "2021.06.05"]
[SourceQuality "1"]
[TimeControl "40/100:0"]
[WhiteClock "0:03:20"]
[BlackClock "0:04:20"]

1. Nf3 d5 2. c4 c6 3. e3 Nf6 4. Nc3 a6 5. b3 Bf5 6. Bb2 e6 7. Nh4 Bg4 8. Qc2 Nbd7 9. h3 Bh5 10. g4 Bg6 11. Nxg6 hxg6 12. g5 Ng8 13. f4 Ne7 14. O-O-O Nf5 15. Bd3 Nh4 16. Kb1 Qa5 17. Ne2 Nc5 18. cxd5 Nxd3 19. Qxd3 O-O-O 20. Qc2 Rxd5 21. e4 Rd7 22. Rhf1 Qb5 23. d4 Qa5 24. Nc1 f6 25. Nd3 Bd6 26. gxf6 gxf6 27. d5 exd5 28. Bxf6 Rhh7 29. exd5 Nf5 30. dxc6 Rc7 31. Ne5 Kb8 32. Bd8 Bxe5 33. fxe5 Qxe5 34. Bxc7+ Rxc7 35. Rfe1 Qb5 36. Rd8+ Ka7 37. Qf2+ b6 38. Qf4 1-0

[Event "Gibraltar Masters 18th"]
[Site "Gibraltar"]
[Date "2020.01.26"]
[Round "6.36"]
[White "Moroni, Luca Jr"]
[Black "Lombaers, Peter"]
[Result "0-1"]
[ECO "E63"]
[WhiteElo "2532"]
[BlackElo "2383"]
[PlyCount "88"]
[EventDate "2020.01.21"]
[EventType "swiss"]
[EventRounds "10"]
[EventCountry "GGB"]
[SourceTitle "BritBase"]
[Source "John Saunders"]
[SourceDate "2021.06.05"]
[SourceVersion "1"]
[SourceVersionDate "2021.06.05"]
[SourceQuality "1"]
[TimeControl "40/100:0"]
[WhiteClock "0:33:18"]
[BlackClock "0:43:15"]

1. d4 Nf6 2. c4 g6 3. g3 Bg7 4. Bg2 O-O 5. Nc3 d6 6. Nf3 Nc6 7. O-O a6 8. b3 Rb8 9. d5 Na5 10. Bg5 h6 11. Bd2 c5 12. dxc6 Nxc6 13. Qc1 Kh7 14. c5 dxc5 15. Bf4 Ra8 16. Rd1 Qe8 17. Ne5 Nd4 18. Nd3 Nd7 19. Qd2 e5 20. Be3 Ra7 21. Ne4 Qe7 22. b4 b6 23. bxc5 Nxc5 24. Rab1 Nxe4 25. Bxe4 Rd7 26. Bxd4 Rxd4 27. Qe3 Rfd8 28. Rdc1 b5 29. h4 h5 30. Rc2 Be6 31. Nc5 Bc4 32. Nxa6 Bh6 33. Qf3 f5 34. Bxf5 Rf8 35. Rxc4 Rxc4 36. Rxb5 e4 37. Qb3 Rc1+ 38. Kg2 Qf6 39. Nb8 Rc7 40. Bxe4 Qxf2+ 41. Kh3 Qxe2 42. Bg2 Rf2 43. Rb7 Qg4+ 44. Kh2 Rxg2+ 0-1